 Dungeon Crawl Stone Soup version 0.30-a0-948-g4fa250aae5 (webtiles) character file.

Game seed: 16497342720342041831

132728 Iniera the Devastator (level 17, -6/108 HPs)
             Began as a Kobold Conjurer on Mar 26, 2023.
             Was the Champion of Cheibriados.
             Mangled by a culicivora simulacrum (11 damage)
             ... on level 1 of the Spider Nest on Mar 27, 2023.
             The game lasted 01:08:22 (35515 turns).

Iniera the Devastator (Kobold Conjurer)            Turns: 35515, Time: 01:08:22

Health: -6/108     AC: 18    Str: 21    XL:     17   Next: 70%
Magic:  0/48       EV: 13    Int: 40    God:    Cheibriados [******]
Gold:   101        SH:  0    Dex: 29    Spells: 19/42 levels left

rFire   . . .      SeeInvis .    a - +6 double sword (protect)
rCold   . . .      Faith    .    (shield currently unavailable)
rNeg    . . .      Spirit   +    n - +4 moon troll leather armour {Spirit, Regen++ MP+5}
rPois   +          Reflect  .    w - +2 helmet
rElec   .          Rampage  .    y - scarf {repulsion}
rCorr   .                        O - +2 pair of gloves
Will    ++...                    Q - +2 pair of boots
Stlth   +++++++                  H - amulet of the acrobat
HPRegen 1.98/turn                e - ring of magical power
MPRegen 0.31/turn                B - ring of Egaleotz {rPois Will+}

@: held, repel missiles, very slow
A: small, no large weapons, nightstalker 3
a: Renounce Religion, Bend Time, Temporal Distortion, Slouch, Step From Time


You were on level 1 of the Spider Nest.
You worshipped Cheibriados.
Cheibriados was exalted by your worship.
You visited 6 branches of the dungeon, and saw 26 of its levels.
You visited 1 bazaar.
You also visited: Bailey.

You collected 3440 gold pieces.
You spent 3339 gold pieces at shops.

Inventory:

Hand Weapons
 a - a +6 double sword of protection (weapon)
Armour
 n - the +4 moon troll leather armour (worn) {Spirit, Regen++ MP+5}
   (You bought it in a shop on level 12 of the Dungeon)

   MP:        It affects your magic capacity (+5).
   Regen:     It increases your rate of health regeneration.
 w - a +2 helmet (worn)
 y - a scarf of repulsion (worn)
 O - a +2 pair of gloves (worn)
 Q - a +2 pair of boots (worn)
Jewellery
 e - a ring of magical power (left hand)
 l - a ring of flight
 p - a ring of protection from cold
 q - a ring of resist corrosion
 u - a ring of positive energy
 B - the ring of Egaleotz (right hand) {rPois Will+}
   (You acquired it on level 8 of the Dungeon)

   [ring of willpower]

   rPois:     It protects you from poison.
   Will:      It increases your willpower.
 H - an amulet of the acrobat (around neck)
Wands
 g - a wand of iceblast (1)
 j - a wand of polymorph (23)
 t - a wand of flame (44)
 v - a wand of mindburst (3)
 x - a wand of light (16)
 J - a wand of digging (7)
 P - a wand of charming (4)
Scrolls
 i - 5 scrolls of teleportation
 z - 3 scrolls of immolation
 D - a scroll of fear
 G - a scroll of blinking
 I - 6 scrolls of identify
 M - 3 scrolls of fog
 N - a scroll of magic mapping
Potions
 c - 10 potions of heal wounds
 d - 2 potions of magic
 f - 9 potions of curing
 h - 4 potions of might
 k - 4 potions of invisibility
 m - a potion of ambrosia
 o - 5 potions of brilliance
 r - 2 potions of flight
 s - 2 potions of berserk rage
 A - a potion of cancellation
 E - 3 potions of attraction
 F - 4 potions of mutation
 L - 3 potions of resistance
Miscellaneous
 b - a phantom mirror
 C - a condenser vane


   Skills:
 + Level 13.0 Fighting
 - Level 2.1(4.7) Short Blades
 - Level 4.1(4.2) Long Blades
 - Level 5.9 Armour
 + Level 9.7 Dodging
 - Level 12.0 Stealth
 + Level 13.0 Spellcasting
 + Level 16.0 Conjurations
 - Level 6.0 Hexes
 - Level 3.3 Necromancy
 - Level 5.0 Translocations
 - Level 3.0 Transmutations
 - Level 5.8 Earth Magic
 + Level 7.4 Invocations
 + Level 7.2 Evocations


You had 19 spell levels left.
You knew the following spells:

 Your Spells              Type           Power      Damage    Failure   Level
a - Magic Dart            Conj           100%       1d8       0%          1
b - Searing Ray           Conj           100%       2d8       0%          2
c - Fulminant Prism       Conj/Hex       42%        3d19      1%          4
d - Iskenderun's Mystic   Conj/Tloc      84%        2d17      1%          4
e - Blink                 Tloc           100%       N/A       1%          2
f - Yara's Violent Unrav  Hex/Tmut       29%        3d12      6%          5
g - Borgnjor's Vile Clut  Necr/Erth      29%        N/A       6%          5

Your spell library contained the following spells:

 Spells                   Type           Power      Damage    Failure   Level
 Freeze                   Ice            100%       1d10      1%          1
 Ensorcelled Hibernation  Hex/Ice        100%       N/A       1%          2
 Lesser Beckoning         Tloc           100%       N/A       1%          2
 Momentum Strike          Conj/Tloc      100%       3d10      1%          2
 Passwall                 Tmut/Erth      47%        N/A       1%          2
 Dazzling Flash           Conj/Hex       100%       N/A       1%          3
 Summon Guardian Golem    Hex/Summ       50%        N/A       1%          3
 Flame Wave               Conj/Fire      74%        2d16      1%          4
 Leda's Liquefaction      Hex/Erth       32%        N/A       1%          4
 Scorch                   Fire           52%        2d7       2%          2
 Animate Dead             Necr           51%        N/A       3%          4
 Lee's Rapid Deconstruct  Erth           32%        3d17*     3%          5
 Ozocubu's Armour         Ice            26%        N/A       4%          3
 Swiftness                Air            26%        N/A       4%          3
 Freezing Cloud           Conj/Ice/Air   31%        6-21      4%          5
 Summon Mana Viper        Hex/Summ       50%        N/A       12%         5
 Olgreb's Toxic Radiance  Pois           26%        N/A       14%         4
 Summon Forest            Summ/Tloc      23%        N/A       14%         5
 Statue Form              Tmut/Erth      38%        N/A       36%         6
 Spellforged Servitor     Conj/Summ      37%        N/A       43%         7
 Death Channel            Necr           25%        N/A       50%         6
 Enfeeble                 Hex            32%        N/A       71%         7
 Summon Cactus Giant      Summ           13%        N/A       92%         6
 Malign Gateway           Summ/Tloc      23%        N/A       99%         7
 Ozocubu's Refrigeration  Ice            13%        4d10      100%        7
 Ignition                 Fire           13%        3d6       100%        8


Dungeon Overview and Level Annotations

Branches:
Dungeon (15/15)            Temple (0/1) D:4            Lair (5/5) D:8
 Shoals (1/4) Lair:2       Spider (1/4) Lair:3        Slime (0/5) Lair:4
    Orc (2/2) D:11            Elf (2/3) Orc:2        Vaults (0/5) D:13
 Depths (0/4) D:15         Bailey (visited)

Altars:
Cheibriados
Fedhas
Hepliaklqana
Ru
Sif Muna
Vehumet
Xom
Yredelemnul
Jiyva

Shops:
D:11 *   D:12 [   Orc:1 **?   Orc:2 =*:!

Portals:
Trove: D:14 (give 6 scrolls of fog)

Annotations:
D:9 2 transporters, dialectric's ghost, novice GrWn
D:12 3 runed translucent doors, Iniera's ghost, journeyman KoCj
D:14 2 transporters, Wociock's ghost, journeyman DgHW
D:15 exclusion: door
Lair:3 exclusion: 2 oklob plants
Elf:2 6 runed translucent doors, Lobster4's ghost, veteran DjFE


Innate Abilities, Weirdness & Mutations

You are small and have problems with some larger weapons.
You are completely attuned to the shadows.


Message History

Unknown command.
Unknown command.
Unknown command.
Unknown command.
Unknown command.
Unknown command.
Unknown command.
Unknown command.
Unknown command.
Unknown command.
Unknown command.
Unknown command.
Unknown command.
Unknown command.
Unknown command.
Unknown command.
You feel much better.
The culicivora simulacrum barely misses you.
The jumping spider is engulfed in poison gas.
The jumping spider looks as sick as possible!
The demonic crawler hits you.
* * * LOW HITPOINT WARNING * * *
The demonic crawler hits you.
* * * LOW HITPOINT WARNING * * *
The demonic crawler hits you.
* * * LOW HITPOINT WARNING * * *
The radroach is engulfed in poison gas.
The radroach looks as sick as possible!
The radroach barely misses you. The radroach claws you.
* * * LOW HITPOINT WARNING * * *
The redback is engulfed in poison gas.
The redback is poisoned.
The entropy weaver is engulfed in poison gas.
The entropy weaver looks even sicker.
The entropy weaver hits you.
* * * LOW HITPOINT WARNING * * *
The entropy weaver hits you but does no damage.
The entropy weaver hits you.
* * * LOW HITPOINT WARNING * * *
The entropy weaver hits you.
* * * LOW HITPOINT WARNING * * *
The culicivora simulacrum bites you!
You die...

##.......
........#...
...................
...))..............
......(§§§.^.......
...Z...y§§#.........
....#§s§s§..........
....##§sBBZ.~#..#...
.... #§☼Z@.#≈#......
.#..#.§§ss..≈#<#.##.
........#~~≈##
.#..#....#~~#
######.. ~.>. ...
#...


You could see a radroach (extremely poisoned), an entropy weaver (very
poisoned), a demonic crawler, a culicivora, a jumping spider (extremely
poisoned), 2 redbacks, a meliai (soul bound), a meliai simulacrum and a
culicivora simulacrum.

Vanquished Creatures
  Frances (Orc:2)
  Agnes (D:15)
  Louise (Elf:1)
  An orc warlord (Orc:2)
  A deep elf demonologist (Elf:1)
  A dire elephant (Lair:5)
  Snorg (D:10)
  Harold (D:10)
  A rakshasa (D:15)
  3 hydras
  Fannar (D:12)
  A catoblepas (Lair:5)
  2 ogre magi
  7 centaur warriors
  11 dancing weapons
  6 boulder beetles
  A deep troll shaman (Lair:5)
  9 death yaks (Lair:5)
  8 two-headed ogres
  6 orc high priests
  Urug (Lair:4)
  Amaemon (Lair:1)
  8 deep elf knights
  A pharaoh ant (Spider:1)
  A skyshark (Lair:5)
  A glowing orange brain (D:15)
  9 deep elf archers
  19 deep elf pyromancers
  20 ugly things
  16 deep elf zephyrmancers
  10 cyclopes
  3 orc sorcerers
  A manticore (D:13)
  8 orc knights
  12 elephants (Lair:5)
  An orange demon (Lair:1)
  5 black mambas
  A gargoyle (D:11)
  A cane toad (shapeshifter) (Elf:2)
  9 cane toads
  A kobold demonologist (D:13)
  2 unseen horrors
  Psyche (D:8)
  An efreet (D:13)
  A yaktaur (shapeshifter) (D:14)
  7 komodo dragons
  2 unseen horror zombies (D:8)
  2 meliai (Spider:1)
  A meliai (shapeshifter) (D:13)
  10 trolls
  A polar bear (Lair:3)
  4 hornets
  Prince Ribbit (D:7)
  15 blink frogs
  A jumping spider (Lair:3)
  2 culicivoras (Spider:1)
  10 slime creatures
  3 shadows (D:11)
  2 wraiths
  A water elemental (Elf:2)
  2 air elementals (Elf:2)
  2 vampires
  A fire elemental (Elf:1)
  Eustachio (D:6)
  7 basilisks
  Grum (D:11)
  3 wyverns
  49 yaks
  3 redbacks (Spider:1)
  7 vampire mosquitoes
  Menkaure (D:7)
  3 wargs
  An acid dragon (D:6)
  A floating eye (Lair:3)
  8 water moccasins
  Duvessa (D:6)
  3 ice beasts
  2 sky beasts
  61 orc warriors
  A black bear (Lair:5)
  12 ogres
  A hornet zombie (D:8)
  26 wolves
  A boggart (D:13)
  24 centaurs
  5 kobold brigands
  Blork the orc (D:4)
  An earth elemental (Elf:2)
  A wyvern zombie (D:8)
  3 bullfrogs
  4 scorpions
  10 wights
  Dowan (D:6)
  5 jellies
  2 troll zombies (D:11)
  9 killer bees
  3 electric eels (D:8)
  A centaur zombie (D:8)
  5 hounds
  A gnoll bouda (Orc:2)
  37 orc priests
  Crazy Yiuf (D:2)
  Ijyb (D:3)
  An iguana (D:7)
  Terence (D:2)
  Natasha (thrice) (D:2)
  22 orc wizards
  3 killer bee zombies (D:8)
  4 ogre zombies (D:11)
  Robin (D:3)
  7 gnolls
  12 adders
  4 shadow imps
  2 white imps
  3 ufetubi
  3 worms
  2 dart slugs
  121 orcs
  2 bats
  7 endoplasms
  5 giant cockroaches
  21 goblins
  9 hobgoblins
  11 jackals
  17 kobolds
  A quokka (shapeshifter) (D:13)
  5 quokkas
  6 ball pythons
  2 frilled lizards (D:3)
  A goblin skeleton (D:11)
  A goblin zombie (D:11)
  2 hobgoblin skeletons (D:11)
  4 hobgoblin zombies
  11 orc zombies (D:11)
  6 rats
  2 fulminant prisms
875 creatures vanquished.

Vanquished Creatures (collateral kills)
  A centaur warrior (D:13)
1 creature vanquished.

Vanquished Creatures (others)
  A deep elf knight (Elf:2)
  2 deep elf pyromancers (Elf:1)
  A slime creature (D:14)
  A fire elemental (Elf:2)
  A centaur (D:14)
  2 bushes (Lair:5)
  94 fulminant prisms
  56 fungi
  68 plants
226 creatures vanquished.

Grand Total: 1102 creatures vanquished

Notes
Turn   | Place    | Note
-------+----------+-------------------------------------------
     0 | D:1      | Iniera the Kobold Conjurer began the quest for the Orb.
     0 | D:1      | Reached XP level 1. HP: 10/10 MP: 3/3
   264 | D:1      | Reached XP level 2. HP: 15/15 MP: 0/5
   267 | D:1      | Learned a level 2 spell: Searing Ray
   967 | D:1      | Reached XP level 3. HP: 19/19 MP: 6/6
  1609 | D:2      | Reached XP level 4. HP: 24/24 MP: 4/7
  1610 | D:2      | Reached skill level 1 in Translocations
  1756 | D:2      | Reached skill level 1 in Hexes
  1874 | D:2      | Noticed Terence
  1881 | D:2      | Killed Terence
  1882 | D:2      | Reached skill level 5 in Conjurations
  2037 | D:2      | Noticed Natasha
  2047 | D:2      | Killed Natasha
  2048 | D:2      | Reached XP level 5. HP: 9/28 MP: 7/9
  2117 | D:2      | Learned a level 4 spell: Fulminant Prism
  2333 | D:2      | Found a runed translucent door.
  2336 | D:2      | Noticed Crazy Yiuf
  2340 | D:2      | Killed Crazy Yiuf
  2413 | D:2      | Found a faded altar of an unknown god.
  2732 | D:2      | Noticed Natasha
  2735 | D:2      | Killed Natasha
  2773 | D:2      | Noticed Natasha
  2777 | D:2      | Killed Natasha
  2778 | D:2      | Reached XP level 6. HP: 26/32 MP: 10/10
  2832 | D:2      | Learned a level 4 spell: Iskenderun's Mystic Blast
  3304 | D:3      | Noticed Robin
  3309 | D:3      | Killed Robin
  3425 | D:3      | Reached skill level 6 in Conjurations
  3684 | D:3      | Noticed Ijyb
  3696 | D:3      | Killed Ijyb
  4025 | D:4      | Reached XP level 7. HP: 18/36 MP: 11/11
  4201 | D:4      | Reached skill level 1 in Fighting
  4254 | D:4      | HP: 1/38 [killer bee (6)]
  4475 | D:4      | Identified the +0 ring mail "Uprioceu" {rF- rC+ Slay+3
                  | Stlth+}
  4508 | D:4      | Noticed Blork the orc
  4516 | D:4      | Killed Blork the orc
  4517 | D:4      | Reached XP level 8. HP: 32/44 MP: 3/12
  4722 | D:4      | Found a radiant altar of Vehumet.
  4888 | D:4      | Found a blossoming altar of Fedhas.
  4933 | D:4      | Found a staircase to the Ecumenical Temple.
  5019 | D:4      | Found a snail-covered altar of Cheibriados.
  5024 | D:4      | Became a worshipper of Cheibriados the Contemplative
  5148 | D:5      | Entered Level 5 of the Dungeon
  5338 | D:5      | Reached skill level 1 in Short Blades
  5338 | D:5      | Reached skill level 7 in Conjurations
  5586 | D:5      | Reached * piety under Cheibriados
  5707 | D:5      | You fall into a shaft and drop 2 floors!
  5725 | D:7      | Noticed Prince Ribbit
  5738 | D:7      | Killed Prince Ribbit
  5739 | D:7      | Reached skill level 5 in Stealth
  5946 | D:7      | Noticed a boulder beetle
  5964 | D:7      | Noticed Menkaure
  6019 | D:7      | Killed Menkaure
  6020 | D:7      | Reached XP level 9. HP: 50/50 MP: 13/13
  6252 | D:6      | Found a hazy altar of Hepliaklqana.
  6421 | D:6      | Noticed Dowan
  6423 | D:6      | Noticed Eustachio
  6425 | D:6      | Noticed Duvessa
  6428 | D:6      | Killed Duvessa
  6429 | D:6      | Killed Dowan
  6430 | D:6      | Killed Eustachio
  6431 | D:6      | Reached skill level 5 in Dodging
  6984 | D:5      | Reached ** piety under Cheibriados
  7138 | D:5      | Reached skill level 8 in Conjurations
  8257 | D:6      | Found a shimmering altar of Xom.
  9073 | D:7      | Reached XP level 10. HP: 58/58 MP: 16/16
  9356 | D:7      | Reached skill level 5 in Hexes
  9566 | D:7      | Identified the +7 hand axe of Eternal Vigilance {freeze,
                  | *Noise rPois Str-2 Stlth+}
  9572 | D:7      | Reached skill level 5 in Translocations
  9814 | D:8      | Reached skill level 5 in Fighting
  9872 | D:8      | Reached *** piety under Cheibriados
 10136 | D:8      | Reached skill level 5 in Spellcasting
 10692 | D:8      | Found a staircase to the Lair.
 10921 | D:8      | Noticed Psyche
 10940 | D:8      | Reached **** piety under Cheibriados
 10941 | D:8      | Killed Psyche
 10942 | D:8      | Reached skill level 9 in Conjurations
 11382 | D:8      | Found a basalt altar of Yredelemnul.
 11402 | D:8      | Reached XP level 11. HP: 66/66 MP: 19/19
 11420 | D:8      | Reached skill level 1 in Armour
 11568 | D:8      | Identified a scroll of acquirement
 11568 | D:8      | Acquired the ring of Egaleotz {rPois Will+}
 11581 | D:9      | Noticed a two-headed ogre
 11598 | D:9      | Killed a two-headed ogre
 11817 | D:9      | Found a flagged portal.
 11823 | Bailey   | Entered a bailey
 12116 | Bailey   | Reached ***** piety under Cheibriados
 12462 | Bailey   | Noticed an orc knight
 12462 | Bailey   | Noticed an orc knight
 12468 | Bailey   | Killed an orc knight
 12469 | Bailey   | Reached skill level 10 in Stealth
 12469 | Bailey   | Killed an orc knight
 12523 | Bailey   | Acquired 994 gold pieces
 12704 | D:9      | Learned a level 2 spell: Blink
 12791 | D:9      | Found a transporter.
 12793 | D:9      | Noticed dialectric's ghost (novice GrWn)
 12794 | D:9      | Noticed a catoblepas
 12810 | D:9      | Found a transporter.
 13345 | Lair:1   | Entered Level 1 of the Lair of Beasts
 13379 | Lair:1   | Reached skill level 10 in Conjurations
 13445 | Lair:1   | Noticed Amaemon
 13447 | Lair:1   | Reached skill level 1 in Earth Magic
 13447 | Lair:1   | Reached XP level 12. HP: 72/72 MP: 22/22
 13454 | Lair:1   | Killed Amaemon
 13700 | Lair:1   | Reached skill level 1 in Invocations
 13700 | Lair:1   | Reached skill level 1 in Evocations
 13751 | Lair:1   | Noticed a boulder beetle
 13756 | Lair:1   | Killed a boulder beetle
 13757 | Lair:1   | Reached skill level 11 in Conjurations
 13789 | Lair:1   | Got Wuuthr Ufuziff's Textbook on the Boggart and the
                  | Glacier
 14368 | Lair:2   | Noticed a four-headed hydra
 14384 | Lair:2   | Reached ****** piety under Cheibriados
 14391 | Lair:2   | Killed a four-headed hydra
 14707 | Lair:2   | Found a staircase to the Shoals.
 14739 | Lair:2   | Reached XP level 13. HP: 77/77 MP: 22/25
 15669 | Lair:3   | Reached skill level 12 in Conjurations
 15907 | Lair:3   | You fall into a shaft and drop 1 floor!
 16138 | Lair:3   | Found a hole to the Spider Nest.
 16572 | Lair:4   | Found a viscous altar of Jiyva.
 16614 | Lair:4   | Found a staircase to the Slime Pits.
 17503 | Lair:4   | Found a hazy altar of Hepliaklqana.
 17967 | Lair:5   | Entered Level 5 of the Lair of Beasts
 17969 | Lair:5   | Noticed a six-headed hydra
 17975 | Lair:5   | Killed a six-headed hydra
 17976 | Lair:5   | Reached skill level 5 in Evocations
 18182 | D:10     | Entered Level 10 of the Dungeon
 18209 | D:10     | Noticed Harold
 18213 | D:10     | Killed Harold
 18241 | D:10     | Noticed Snorg
 18248 | D:10     | Killed Snorg
 18650 | D:10     | Found a shimmering blue altar of Sif Muna.
 18674 | D:10     | Paralysed by a hornet for 3 turns
 19190 | D:11     | Noticed Grum
 19442 | D:11     | Killed Grum
 19447 | D:11     | Reached XP level 14. HP: 43/84 MP: 2/27
 19652 | D:11     | Found Amymubis's Overcharged Wands.
 19668 | D:11     | Bought a wand of polymorph (18) for 378 gold pieces
 19957 | D:11     | Found a staircase to the Orcish Mines.
 20273 | D:7      | Reached skill level 13 in Conjurations
 20878 | D:12     | Found Paumorgh's Armour Boutique.
 20883 | D:12     | Bought the +4 moon troll leather armour {Spirit, Regen++
                  | MP+5} for 872 gold pieces
 20883 | D:12     | Found the +4 moon troll leather armour {Spirit, Regen++
                  | MP+5}
 20924 | D:12     | Found a runed translucent gate.
 20924 | D:12     | Found a runed translucent gate.
 20924 | D:12     | Found a runed translucent gate.
 21029 | D:12     | Found a sacrificial altar of Ru.
 22030 | D:12     | Noticed Fannar
 22037 | D:12     | Killed Fannar
 22144 | D:12     | Noticed Iniera's ghost (journeyman KoCj)
 22939 | D:13     | Reached skill level 10 in Spellcasting
 23354 | Lair:5   | Noticed Urug
 23363 | Lair:5   | HP: 3/86 [elephant (10)]
 23448 | Lair:4   | Killed Urug
 23449 | Lair:4   | Reached skill level 5 in Invocations
 23638 | Lair:5   | Reached skill level 1 in Long Blades
 23665 | Lair:5   | Reached skill level 14 in Conjurations
 23981 | Lair:5   | Reached XP level 15. HP: 84/92 MP: 29/29
 24084 | Lair:5   | Identified the +0 chain mail of the Gate {Slay+3}
 24589 | Lair:5   | Reached skill level 10 in Fighting
 25610 | Orc:1    | Entered Level 1 of the Orcish Mines
 25736 | Orc:1    | Found Qujumumn's Magic Scroll Emporium.
 25741 | Orc:1    | Bought a scroll of blinking for 82 gold pieces
 25741 | Orc:1    | Bought 3 scrolls of enchant armour for 247 gold pieces
 25741 | Orc:1    | Bought a scroll of blinking for 82 gold pieces
 25741 | Orc:1    | Bought a scroll of magic mapping for 82 gold pieces
 25741 | Orc:1    | Bought a scroll of teleportation for 33 gold pieces
 25741 | Orc:1    | Bought a scroll of fog for 44 gold pieces
 25758 | Orc:1    | Found Sunu's Specific Store.
 25759 | Orc:1    | Found Diecamin's General Store.
 25769 | Orc:1    | Bought a wand of light (4) for 218 gold pieces
 26112 | Orc:2    | Entered Level 2 of the Orcish Mines
 26197 | Orc:1    | Paralysed by an orc sorcerer for 4 turns
 26411 | Orc:1    | You fall into a shaft and drop 1 floor!
 26517 | Orc:2    | Noticed an orc warlord
 26758 | Orc:2    | Killed an orc warlord
 27500 | Orc:2    | Found a staircase to the Elven Halls.
 27750 | Orc:2    | Found Ucyfade's General Store.
 27751 | Orc:2    | Found Vogun's Book Shoppe.
 27752 | Orc:2    | Found Misax's Distillery.
 27752 | Orc:2    | Found Saeniman's Jewellery Shoppe.
 27755 | Orc:2    | Bought a potion of lignification for 36 gold pieces
 27758 | Orc:2    | Bought a potion of curing for 36 gold pieces
 27758 | Orc:2    | Bought a potion of magic for 96 gold pieces
 27758 | Orc:2    | Bought a potion of resistance for 120 gold pieces
 27759 | Orc:2    | Bought a book of Misfortune for 420 gold pieces
 27765 | Orc:2    | Learned a level 5 spell: Yara's Violent Unravelling
 27767 | Orc:2    | Bought a potion of heal wounds for 70 gold pieces
 28247 | D:13     | Reached skill level 1 in Transmutations
 28418 | D:13     | Found a gate to the Vaults.
 28529 | D:13     | Reached skill level 5 in Armour
 28529 | D:13     | Reached XP level 16. HP: 95/99 MP: 31/31
 29264 | D:14     | Found a transporter.
 29550 | D:14     | Noticed Wociock's ghost (journeyman DgHW)
 29558 | D:14     | Found a transporter.
 29623 | D:14     | Found a portal to a secret trove of treasure.
 29960 | D:14     | Found a flickering gateway to a bazaar.
 29995 | Bazaar   | Entered a bazaar
 30096 | Bazaar   | Found Zedaupoc's Antique Armour Shop.
 30112 | Bazaar   | Found Piho's Distillery.
 30117 | Bazaar   | Bought 2 potions of curing for 90 gold pieces
 30143 | Bazaar   | Found Totemet's Antique Weapon Shop.
 30170 | Bazaar   | Bought 2 potions of heal wounds for 150 gold pieces
 30170 | Bazaar   | Bought a potion of resistance for 150 gold pieces
 30514 | D:15     | Entered Level 15 of the Dungeon
 31061 | D:15     | Reached skill level 15 in Conjurations
 31399 | D:15     | Noticed Agnes
 31409 | D:15     | Killed Agnes
 31690 | D:15     | Identified the +2 chain mail of Pygihiv {Harm +Blink rElec
                  | Dex-5}
 32210 | Elf:1    | Entered Level 1 of the Elven Halls
 32215 | Elf:1    | Noticed Frances
 32373 | Orc:2    | Killed Frances
 32686 | Elf:1    | Noticed Louise
 32702 | Elf:1    | Killed Louise
 32703 | Elf:1    | Reached XP level 17. HP: 105/106 MP: 20/33
 33090 | Elf:1    | Learned a level 5 spell: Borgnjor's Vile Clutch
 33336 | Elf:1    | Reached skill level 1 in Necromancy
 33472 | Elf:1    | Got Puptiuj's Encyclopedia of the Throng
 33759 | Elf:1    | Reached skill level 5 in Earth Magic
 34211 | Elf:2    | Found a runed translucent gate.
 34211 | Elf:2    | Found a runed translucent gate.
 34255 | Elf:2    | Paralysed by an air elemental for 1 turns
 34286 | Elf:2    | Paralysed by an air elemental for 1 turns
 34482 | Elf:2    | Found a runed translucent gate.
 34588 | Elf:2    | Found a runed translucent gate.
 34588 | Elf:2    | Found a runed translucent gate.
 34588 | Elf:2    | Found a runed translucent gate.
 34590 | Elf:2    | Noticed Lobster4's ghost (veteran DjFE)
 34657 | Elf:2    | Paralysed by an orc sorcerer for 3 turns
 35147 | Orc:2    | Bought a scroll of brand weapon for 133 gold pieces
 35432 | Shoals:1 | Entered Level 1 of the Shoals
 35484 | Spider:1 | Entered Level 1 of the Spider Nest
 35504 | Spider:1 | Reached skill level 16 in Conjurations
 35515 | Spider:1 | HP: 5/108 [entropy weaver (6)]
 35515 | Spider:1 | Mangled by a culicivora simulacrum

Illustrated notes

Levels and vault maps discovered:
D:1:      minmay_arrival_radiant_lines, layout_basic
D:2:      layout_loops_ring, ebering_ecumenical_altar_sacrificial, uniq_natasha,
          uniq_crazy_yiuf_cottage, uniq_terence
D:3:      layout_loops_cross, minmay_close_crescents, uniq_ijyb, uniq_robin
D:4:      layout_rooms, cheibriados_altar_1, vehumet_crystals, fedhas_altar_3,
          temple_hall, uniq_blork_the_orc
D:5:      layout_basic, enter_ossuary_5, roderic_lattice_a
D:6:      layout_basic, tgw_xom, general_overflow_altar, uniq_eustachio,
          uniq_duvessa
D:7:      nicolae_cairo_tiling, layout_loops_ring, minmay_holes,
          uniq_prince_ribbit1, uniq_menkaure
D:8:      layout_loops_ring, nicolae_yredelemnul_corpse_copse, erik_lair_island,
          uniq_psyche
D:9:      layout_rooms, gammafunk_ghost_berserking_beasts, enter_bailey_3,
          nicolae_benzene_ring
D:10:     layout_roguey, nicolae_sif_muna_little_library, uniq_harold,
          uniq_snorg
D:11:     layout_small_grid, zombieorc1_lemuel, nicolae_shop_overcharged_wands,
          uniq_grum
D:12:     layout_irregular_city, gammafunk_ghost_icy, serial_shops, shop,
          roderic_serpentine_path, nicolae_ru_sacrificial_ziggurat, uniq_fannar
D:13:     layout_roguey, hangedman_vaults_entry_quadrant_bands,
          kennysheep_island_fort
D:14:     layout_roguey, gammafunk_ghost_wrathful_warriors, special_room
          [special_room_orc], serial_shops, freezing_bzr,
          nicolae_trove_entry_isolated
D:15:     gammafunk_enter_depths_forms, layout_basic, minmay_door_square,
          uniq_agnes
Lair:1:   layout_roguey, uniq_amaemon
Lair:2:   layout_loops_ring, minmay_shoals_entry_centaurs, columned_hall_lemuel,
          st_stairs_13
Lair:3:   hellmonk_destroyed_diamonds, layout_gridlike, spider_nest_entry_a,
          disabler_island
Lair:4:   layout_hall_layers, nicolae_slime_entry_field_trip, basic_altar,
          grunt_megastairs_1
Lair:5:   grunt_lair_end_beastmaster, layout_regular_city, uniq_urug
Shoals:1: layout_shoals, nicolae_shop_firing_range
Spider:1: layout_spider_delve, drop_trap
Orc:1:    layout_caves, basic_altar, serial_shops, nicolae_shop_behind_doors,
          nicolae_shop_advertising_works [nicolae_subvault_shop_adworks],
          nicolae_specific_store
Orc:2:    st_orc_pillars, layout_diamond_mine
Elf:1:    minmay_elf_arrival_circle, layout_loops_cross, minmay_elf_demonology,
          uniq_louise, uniq_frances
Elf:2:    elven_hall_of_blades_hangedman_original
          [nicolae_blade_entry_area_security], layout_onion_city,
          ebering_ghost_rock_garden

Skill      XL: |  1  2  3  4  5  6  7  8  9 10 11 12 13 14 15 16 17 |
---------------+----------------------------------------------------+-----
Translocations | 1 2 3 4 5 |  5.0
Hexes          | 1 2 3 4 5 6 |  6.0
Conjurations   | 5 6 7 8 9 10 11 12 14 15 16 | 16.0
Spellcasting   | 3 4 5 7 8 9 10 11 12 13 | 13.0
Fighting       | 1 3 4 6 7 8 9 10 12 13 | 13.0
Stealth        | 3 5 6 9 10 11 12 | 12.0
Dodging        | 3 4 5 6 7 8 9 |  9.7
Short Blades   | 2 |  2.1
Armour         | 2 4 5 |  5.9
Earth Magic    | 1 4 5 |  5.8
Invocations    | 3 4 5 7 |  7.4
Evocations     | 3 5 6 7 |  7.2
Long Blades    | 2 4 |  4.1
Transmutations | 1 3 |  3.0
Necromancy     | 3 |  3.3

Action                     |  1- 3 |  4- 6 |  7- 9 | 10-12 | 13-15 | 16-18 || total
---------------------------+-------+-------+-------+-------+-------+-------++-------
  Melee: Unarmed           |    11 |       |       |       |       |       ||    11
         Dagger            |       |       |    32 |   363 |   394 |       ||   789
         Punch             |       |       |       |     9 |     5 |       ||    14
         Double sword      |       |       |       |       |   449 |   366 ||   815
   Cast: Magic Dart        |    50 |    91 |    82 |    71 |    75 |     2 ||   371
         Searing Ray       |     4 |    17 |    37 |    41 |    60 |    12 ||   171
         Fulminant Prism   |       |     3 |    11 |    23 |    45 |    15 ||    97
         Iskenderun's Myst |       |       |    14 |    50 |   129 |    83 ||   276
         Blink             |       |       |       |       |       |     9 ||     9
         Yara's Violent Un |       |       |       |       |       |     7 ||     7
         Borgnjor's Vile C |       |       |       |       |       |    10 ||    10
  Evoke: Wand              |       |       |     1 |     2 |     3 |       ||     6
         Phantom mirror    |       |       |       |       |       |     1 ||     1
    Use: Potion            |       |       |     4 |       |     4 |     2 ||    10
         Scroll            |       |       |     9 |    14 |    19 |     8 ||    50
   Stab: Sleeping          |       |       |     5 |    13 |    19 |    13 ||    50
         Distracted        |       |       |       |     1 |    13 |     3 ||    17
 Armour: Robe              |       |     3 |    17 |    13 |       |       ||    33
         Troll leather arm |       |       |       |    83 |   292 |   138 ||   513
  Dodge: Dodged            |    15 |    15 |    82 |   513 |  1505 |   678 ||  2808
         Repelled          |       |       |       |       |    10 |    13 ||    23

Table legend: (Time is in decaauts)
 A = Elapsed time spent in this place.
 B = Non-inter-level travel time spent in this place.
 C = Inter-level travel time spent in this place.
 D = Time resting spent in this place.
 E = Time spent auto-exploring this place.
 F = Levels seen in this place.
 G = Mean time per level.
                   A        B        C        D        E       F      G
               +--------+--------+--------+--------+--------+-----+--------+
         Total |  52317 |  47577 |   4740 |   4038 |  35656 |  28 | 1868.5 |
       Dungeon |  30860 |  27870 |   2990 |   2391 |  21335 |  15 | 2057.3 |
          Lair |  11828 |  10888 |    940 |    643 |   8713 |   5 | 2365.6 |
        Shoals |     14 |     14 |      0 |      0 |      0 |   1 |   14.0 |
   Spider Nest |     49 |     49 |      0 |      0 |     14 |   1 |   49.0 |
  Orcish Mines |   4326 |   3732 |    594 |    597 |   2216 |   2 | 2163.0 |
   Elven Halls |   3824 |   3610 |    214 |    149 |   2684 |   2 | 1912.0 |
        Bazaar |    276 |    276 |      0 |     99 |    100 |   1 |  276.0 |
        Bailey |   1137 |   1137 |      0 |    159 |    592 |   1 | 1137.0 |
               +--------+--------+--------+--------+--------+-----+--------+

Top non-repeatable levels by time:
   Orc:2: 3457 daAuts
     D:8: 3060 daAuts
  Lair:5: 3030 daAuts
    D:12: 2797 daAuts
  Lair:4: 2725 daAuts
    D:11: 2635 daAuts
    D:15: 2617 daAuts
    D:13: 2536 daAuts
  Lair:3: 2277 daAuts
   Elf:1: 2259 daAuts
     D:5: 2228 daAuts
    D:14: 2171 daAuts
     D:6: 2082 daAuts
    D:10: 2035 daAuts
  Lair:1: 1973 daAuts
